 Dungeon Crawl Stone Soup version 0.29.1-15-g9cfb28693d (webtiles) character file.

Game seed: 10074598681948298268

344 cdecastro the Chopper (level 6, 0/51 HPs)
             Began as a Hill Orc Fighter on Feb 23, 2023.
             Slain by a gnoll
             ... wielding a +0 halberd
              (2 damage)
             ... on level 4 of the Dungeon.
             The game lasted 00:04:28 (3974 turns).

cdecastro the Chopper (Hill Orc Fighter)            Turns: 3974, Time: 00:04:28

Health: 0/51       AC:  7    Str: 21    XL:     6   Next: 58%
Magic:  6/6        EV: 10    Int:  8    God:
Gold:   207        SH:  0    Dex: 16    Spells: 5/5 levels left

rFire   + . .      SeeInvis .   a - +0 war axe
rCold   . . .      Faith    .   (no shield)
rNeg    . . .      Spirit   .   n - +2 ring mail {rF+}
rPois   .          Reflect  .   (no helmet)
rElec   .          Harm     .   (no cloak)
rCorr   .          Rampage  .   (no gloves)
Will    .....                   (no boots)
Stlth   +.........              (no amulet)
HPRegen 0.17/turn               w - +6 ring of dexterity
MPRegen 0.10/turn               (no ring)

@: mighty
A: no striking features
a: no special abilities


You were on level 4 of the Dungeon.
You visited 1 branch of the dungeon, and saw 4 of its levels.

You collected 207 gold pieces.

Inventory:

Hand Weapons
 a - a +0 war axe (weapon)
 k - a +1 sling of freezing
 v - a +0 long sword
Armour
 b - a +0 scale mail
 c - a +0 buckler
 n - a +2 ring mail of fire resistance (worn)
Jewellery
 w - a +6 ring of dexterity (left hand)
Wands
 q - a wand of flame (13)
Scrolls
 g - a scroll of immolation {unknown}
 h - a scroll of poison {unknown}
 j - a scroll of fear {unknown}
 l - a scroll of identify {unknown}
 m - a scroll of silence {unknown}
 u - a scroll of teleportation {unknown}
Potions
 d - a potion of might
 e - 2 potions of resistance {unknown}
 f - 6 potions of curing {unknown}
 i - a potion of heal wounds {unknown}
 o - a potion of magic {unknown}
 p - a potion of invisibility {unknown}
 r - a potion of berserk rage {unknown}
 s - a potion of attraction {unknown}
 t - 3 potions of mutation {unknown}


   Skills:
 - Level 3.6 Fighting
 + Level 3.3 Long Blades
 - Level 7.8 Axes
 - Level 3.2 Armour
 - Level 3.2 Shields


You had 5 spell levels left.
You didn't know any spells.
Your spell library contained the following spells:

 Spells                   Type           Power      Damage    Failure   Level
 Beastly Appendage        Tmut           0%         N/A       56%         1
 Wereblood                Tmut           0%         N/A       71%         2
 Spider Form              Tmut/Pois      0%         N/A       91%         3


Dungeon Overview and Level Annotations

Branches:
Dungeon (4/15)
 Temple: D:4-7

Altars:

Shops:
D:4 (


Message History

You see here a black bear corpse.
w - a +6 ring of dexterity You feel agile.
w - a +6 ring of dexterity (left hand)
Okay, then.
Unknown command.
A gnoll comes into view. It is wielding a +0 halberd.
The gnoll shouts!
A gnoll comes into view. It is wielding a +0 halberd.
The gnoll shouts!
You hear a shout!
A gnoll comes into view. It is wielding a +0 halberd.
The gnoll shouts!
The gnoll hits you with a +0 halberd!
A hound comes into view.
The hound barks!
You slash the gnoll!
You kill the gnoll!
A gnoll comes into view. It is wielding a +0 halberd.
The gnoll barely misses you. The gnoll closely misses you.
The gnoll moves out of view.
The gnoll barely misses you. The gnoll closely misses you.
Things that are here:
a +0 halberd; a gnoll corpse You barely miss the gnoll.
The gnoll barely misses you.
The gnoll hits you from afar with a +0 halberd!
The gnoll hits you from afar with a +0 halberd.
You closely miss the gnoll. The gnoll hits you but does no damage.
The gnoll hits you from afar with a +0 halberd.
The gnoll hits you from afar with a +0 halberd!
* * * LOW HITPOINT WARNING * * *
You barely miss the gnoll. The gnoll barely misses you.
The gnoll hits you from afar with a +0 halberd!
* * * LOW HITPOINT WARNING * * *
The gnoll closely misses you.
You completely miss the gnoll. The gnoll barely misses you.
The gnoll hits you from afar with a +0 halberd!
* * * LOW HITPOINT WARNING * * *
The gnoll closely misses you.
You barely miss the gnoll. The gnoll hits you with a +0 halberd.
You die...
P~~~~P.# PP.P..# ~~~~..# ..P.. .h.. #gg

#g# #@# #.#
#.# .#.#
#.# #.#.#
#.####.#.#
#........##
#..###....
#..###..#
#.†##...#


You could see a hound and 3 gnolls.

Vanquished Creatures
  A black bear (D:4)
  A jelly (D:4)
  Terence (D:3)
  5 gnolls (D:4)
  6 adders
  2 worms
  A dart slug (D:2)
  3 orcs (D:3)
  8 ball pythons
  9 endoplasms
  4 giant cockroaches
  7 goblins
  7 hobgoblins
  12 jackals
  3 quokkas
  7 bats
  2 frilled lizards
  A kobold (D:3)
  3 rats
83 creatures vanquished.

Vanquished Creatures (others)
  A fungus (D:4)
1 creature vanquished.

Grand Total: 84 creatures vanquished

Notes
Turn   | Place    | Note
-------+----------+-------------------------------------------
     0 | D:1      | cdecastro the Hill Orc Fighter began the quest for the Orb.
     0 | D:1      | Reached XP level 1. HP: 19/19 MP: 1/1
    53 | D:1      | Reached skill level 3 in Axes
   251 | D:1      | Reached XP level 2. HP: 19/26 MP: 2/2
   451 | D:1      | Reached skill level 4 in Axes
   775 | D:1      | Reached XP level 3. HP: 26/31 MP: 3/3
   876 | D:1      | Found a faded altar of an unknown god.
  1138 | D:2      | Reached skill level 5 in Axes
  1248 | D:2      | Reached XP level 4. HP: 27/39 MP: 4/4
  1529 | D:2      | Reached skill level 6 in Axes
  2267 | D:3      | Reached XP level 5. HP: 45/45 MP: 5/5
  2729 | D:3      | Noticed Terence
  2744 | D:3      | Killed Terence
  2745 | D:3      | Reached skill level 7 in Axes
  3594 | D:4      | Found Igre's Weapon Shoppe.
  3708 | D:4      | Reached skill level 1 in Long Blades
  3708 | D:4      | Reached XP level 6. HP: 18/51 MP: 6/6
  3952 | D:4      | Noticed a black bear
  3957 | D:4      | Killed a black bear
  3973 | D:4      | HP: 2/51 [gnoll/+0 halberd (10)]
  3974 | D:4      | Slain by a gnoll

Illustrated notes

Levels and vault maps discovered:
D:1:      kennysheep_arrival_forest, layout_rooms,
          shapermc_ecumenical_altar_hornbeckon
D:2:      layout_loops_ring
D:3:      layout_basic, minmay_vboxes, uniq_terence
D:4:      layout_basic, nicolae_gozag_cash_rules_everything_around_me,
          eat_drink_and_be_merry_uskayaw, serial_shops,
          nicolae_shop_behind_doors, dreamdust_gnoll_farm, uniq_edmund,
          uniq_ijyb

Skill      XL: |  1  2  3  4  5  6 |
---------------+-------------------+-----
Axes           | 3 4 5 6 7 |  7.8
Long Blades    | 1 3 |  3.3
Fighting       | |  3.6
Armour         | |  3.2
Shields        | |  3.2

Action                   |  1- 3 |  4- 6 || total
-------------------------+-------+-------++-------
Melee: War axe           |    89 |   140 ||   229
       Punch             |     1 |       ||     1
  Use: Potion            |       |     1 ||     1
Armor: Scale mail        |    62 |    29 ||    91
       Ring mail         |       |    27 ||    27
Dodge: Dodged            |    55 |    74 ||   129
